 Dungeon Crawl Stone Soup version 0.28.0-43-g3370ac3207 (webtiles) character file.

Game seed: 14873153856992715033

6050 fknight the Nimble (level 10, -1/123 HPs)
             Began as a Gnoll Berserker on Mar 12, 2022.
             Was a Believer of Trog.
             Killed from afar by an orc wizard (3 damage)
             ... with a magic dart
             ... on level 9 of the Dungeon.
             The game lasted 00:37:42 (12699 turns).

fknight the Nimble (Gnoll Berserker)               Turns: 12699, Time: 00:37:42

Health: -1/123     AC: 17    Str: 18    XL:     10   Next: 87%
Magic:  18/18      EV:  7    Int:  8    God:    Trog [**....]
Gold:   456        SH:  9    Dex: 13    Spells: 20/20 levels left

rFire   . . .      SeeInvis .   a - +2 spear
rCold   . . .      Faith    .   f - +0 kite shield
rNeg    + . .      Spirit   .   P - +0 plate armour
rPois   .          Reflect  .   o - +0 helmet
rElec   .          Harm     .   J - +0 cloak
rCorr   .          Rampage  .   e - +0 pair of gloves
Will    +....                   (no boots)
Stlth   ..........              (no amulet)
HPRegen 0.30/turn               h - ring of willpower
MPRegen 0.16/turn               w - ring of positive energy

@: berserking, studying Dodging, very quick
A: fangs 1, strong nose, distributed training
a: Renounce Religion, Berserk, Trog's Hand


You were on level 9 of the Dungeon.
You worshipped Trog.
Trog was pleased with you.
You visited 1 branch of the dungeon, and saw 9 of its levels.

You collected 456 gold pieces.

Inventory:

Hand Weapons
 a - a +2 spear (weapon)
 d - a +2 dagger of electrocution
 i - a +0 hunting sling of freezing
 t - a +0 dagger of venom
 y - a +3 falchion
 F - a +1 war axe
 G - a +4 great sword
 H - a +4 long sword
 K - a +1 mace of protection
 L - a +4 great sword
 M - a +2 short sword
 Q - a +1 hand axe of electrocution
 R - a +3 dagger
Missiles
 c - 247 stones (quivered)
 m - 76 sling bullets
 r - 2 throwing nets
 v - 4 atropa-tipped darts
 A - a boomerang
 E - 3 poisoned darts
 N - 5 javelins
Armour
 e - a +0 pair of gloves (worn)
 f - a +0 kite shield (worn)
 l - +0 steam dragon scales
 o - a +0 helmet (worn)
 J - a +0 cloak (worn)
 O - a +1 chain mail of cold resistance
 P - a +0 plate armour (worn)
Jewellery
 h - a ring of willpower (left hand)
 p - a ring of resist corrosion
 s - a ring of ice
 w - a ring of positive energy (right hand)
Wands
 B - a wand of acid (14)
 I - a wand of charming (7)
Scrolls
 b - 2 scrolls of teleportation
Potions
 g - 5 potions of curing
 j - 2 potions of mutation {unknown}
 k - 2 potions of flight
 n - 3 potions of might
 q - 2 potions of heal wounds
 u - a potion of lignification {unknown}
 x - a potion of brilliance
 z - a potion of cancellation
 C - 3 potions of degeneration
 D - a potion of haste {unknown}


   Skills:
 + Level 8.8 Fighting
 + Level 5.6 Short Blades
 + Level 5.6 Long Blades
 + Level 5.6 Axes
 + Level 5.6 Maces & Flails
 + Level 8.8 Polearms
 + Level 5.6 Staves
 + Level 5.6 Slings
 + Level 5.6 Bows
 + Level 5.6 Crossbows
 + Level 5.6 Throwing
 + Level 7.4 Armour
 + Level 9.1 Dodging
 + Level 5.6 Stealth
 + Level 5.6 Shields
 + Level 5.6 Unarmed Combat
 + Level 5.6 Spellcasting
 + Level 4.7 Conjurations
 + Level 4.7 Hexes
 + Level 4.7 Summonings
 + Level 4.7 Necromancy
 + Level 4.7 Translocations
 + Level 4.7 Transmutations
 + Level 4.7 Fire Magic
 + Level 4.7 Ice Magic
 + Level 4.7 Air Magic
 + Level 4.7 Earth Magic
 + Level 4.7 Poison Magic
 + Level 6.2 Invocations
 + Level 5.6 Evocations


You had 20 spell levels left.
You didn't know any spells.
Your spell library was empty.

Dungeon Overview and Level Annotations

Branches:
Dungeon (9/15)             Temple (0/1) D:5
   Lair: D:8-11         Orc: D:9-12

Altars:
Elyvilon
Fedhas
Gozag
Hepliaklqana
Kikubaaqudgha
Qazlal
Trog
Wu Jian
Yredelemnul
Zin
The Shining One


Innate Abilities, Weirdness & Mutations

You have very sharp teeth.
Your uncanny sense of smell can sniff out nearby items.
Your experience applies equally to all skills.


Message History

The bolt of electricity hits you!
* * * LOW HITPOINT WARNING * * *
The bolt of electricity hits the electric eel.
The electric eel completely resists.
The electric eel shoots out a bolt of lightning at you!
The bolt of electricity hits you but does no damage.
Items here: ( ) [ †.
A red film seems to cover your vision as you go berserk!
You feel yourself moving faster!
You feel mighty!
The orc wizard casts a spell.
The orc wizard flickers and vanishes!
Deactivating autopickup; reactivate with Ctrl-A.
The electric eel shoots out a bolt of lightning at you!
The bolt of electricity hits you.
* * * LOW HITPOINT WARNING * * *
An orc priest comes into view. It is wielding a +0 club.
You barely miss the electric eel.
The electric eel shoots out a bolt of lightning at you!
The bolt of electricity hits you!
* * * LOW HITPOINT WARNING * * *
The electric eel shoots out a bolt of lightning at you!
The bolt of electricity hits you!
* * * LOW HITPOINT WARNING * * *
You closely miss the electric eel. You bite the electric eel!
The electric eel is severely wounded.
You puncture the electric eel!
You kill the electric eel!
Trog accepts your kill.
The electric eel shoots out a bolt of lightning at you!
The bolt of electricity hits you.
* * * LOW HITPOINT WARNING * * *
You puncture the electric eel!
You kill the electric eel!
Trog accepts your kill.
You hear a splash.
You barely miss something.
You hear some strange, mumbled words.
A magic dart appears from out of thin air!
The magic dart hits you.
You die...

...# +......... ...'
##......... #......... :....
.......... #......... ≈≈≈≈≈≈
≈≈≈≈≈≈8.# #.........
≈≈≈≈8≈.# #.....)...
########'.≈≈.# ###'######
........#.≈≈.# #..####
........##≈≈.# ##....##
........o.{@.# ####...
........##≈≈.### #########.
∆ ........#.≈≈...#
#......... ####
########')≈≈[).# #.......)÷
≈≈≈≈
≈≈≈≈≈≈≈≈≈≈8≈...####.........
≈S≈≈
≈≈≈≈≈≈≈≈≈≈≈8.))#........?...
....
......o....†.....##.........
..#
###............####.........
##################.##
##########


You could see an orc priest and an orc.

Vanquished Creatures
  Joseph (D:7)
  A centaur zombie (D:7)
  A hornet (D:9)
  The ghost of Arandomuser the Poker, an amateur MfGl (D:4)
  5 yaks (D:9)
  3 steam dragons
  Menkaure (D:7)
  2 water moccasins
  Duvessa (D:5)
  An ice beast (D:8)
  2 orc warriors (D:9)
  A black bear (D:8)
  3 necrophages
  2 ogres
  6 centaurs
  A phantom (D:4)
  2 bullfrogs (D:7)
  2 scorpions
  A wyvern zombie (D:9)
  2 water moccasin zombies
  Dowan (D:5)
  11 wights
  3 howler monkeys
  4 electric eels (D:9)
  2 hounds
  3 orc priests
  Crazy Yiuf (D:6)
  5 jellies
  4 bullfrog skeletons
  2 centaur skeletons (D:4)
  8 orc wizards
  3 gnolls (D:4)
  4 adders
  A shadow imp (D:6)
  An ufetubus (D:5)
  3 worms (D:3)
  3 dart slugs
  28 orcs
  8 ball pythons
  5 bats
  5 endoplasms
  2 giant cockroaches
  10 hobgoblins
  3 jackals (D:4)
  5 quokkas
  5 frilled lizards
  4 goblins
  5 kobolds
  5 rats
183 creatures vanquished.

Vanquished Creatures (collateral kills)
  An orc warrior (D:9)
  4 orcs (D:9)
5 creatures vanquished.

Vanquished Creatures (others)
  10 withered plants (D:6)
10 creatures vanquished.

Grand Total: 198 creatures vanquished

Notes
Turn   | Place    | Note
-------+----------+-------------------------------------------
     0 | D:1      | fknight the Gnoll Berserker began the quest for the Orb.
     0 | D:1      | Reached XP level 1. HP: 23/23 MP: 1/1
   322 | D:1      | Reached XP level 2. HP: 29/29 MP: 2/2
   484 | D:1      | Found a faded altar of an unknown god.
   720 | D:2      | Reached XP level 3. HP: 26/35 MP: 3/3
  1110 | D:2      | Reached skill level 1 in Invocations
  1216 | D:2      | Reached ** piety under Trog
  1217 | D:2      | Reached skill level 1 in Short Blades
  1217 | D:2      | Reached skill level 1 in Long Blades
  1217 | D:2      | Reached skill level 1 in Axes
  1217 | D:2      | Reached skill level 1 in Maces & Flails
  1217 | D:2      | Reached skill level 1 in Staves
  1217 | D:2      | Reached skill level 1 in Slings
  1217 | D:2      | Reached skill level 1 in Bows
  1217 | D:2      | Reached skill level 1 in Crossbows
  1217 | D:2      | Reached skill level 1 in Throwing
  1217 | D:2      | Reached skill level 1 in Stealth
  1217 | D:2      | Reached skill level 1 in Shields
  1217 | D:2      | Reached skill level 1 in Unarmed Combat
  1217 | D:2      | Reached skill level 1 in Spellcasting
  1217 | D:2      | Reached skill level 1 in Evocations
  1365 | D:3      | Reached XP level 4. HP: 41/41 MP: 5/5
  1581 | D:3      | You fall into a shaft and drop 3 floors!
  1583 | D:6      | Noticed a necrophage
  1600 | D:6      | Killed a necrophage
  1601 | D:6      | Reached skill level 1 in Conjurations
  1601 | D:6      | Reached skill level 1 in Hexes
  1601 | D:6      | Reached skill level 1 in Summonings
  1601 | D:6      | Reached skill level 1 in Necromancy
  1601 | D:6      | Reached skill level 1 in Translocations
  1601 | D:6      | Reached skill level 1 in Transmutations
  1601 | D:6      | Reached skill level 1 in Fire Magic
  1601 | D:6      | Reached skill level 1 in Ice Magic
  1601 | D:6      | Reached skill level 1 in Air Magic
  1601 | D:6      | Reached skill level 1 in Earth Magic
  1601 | D:6      | Reached skill level 1 in Poison Magic
  1601 | D:6      | Reached XP level 5. HP: 47/47 MP: 5/7
  1641 | D:5      | Entered Level 5 of the Dungeon
  1731 | D:5      | Reached XP level 6. HP: 53/53 MP: 8/8
  1854 | D:4      | Reached skill level 5 in Armour
  1854 | D:4      | Reached skill level 5 in Dodging
  2330 | D:3      | Found a stormy altar of Qazlal.
  2534 | D:4      | Reached XP level 7. HP: 28/59 MP: 10/10
  3563 | D:4      | Found a transporter.
  3566 | D:4      | Noticed Arandomuser's ghost (amateur MfGl)
  3675 | D:4      | Found a transporter.
  3977 | D:5      | Found a white marble altar of Elyvilon.
  4275 | D:5      | Noticed Duvessa
  4276 | D:5      | Noticed Dowan
  4292 | D:5      | Killed Duvessa
  4293 | D:5      | Reached XP level 8. HP: 60/67 MP: 12/12
  4307 | D:5      | Killed Dowan
  4547 | D:5      | Reached skill level 6 in Dodging
  4652 | D:5      | Found a staircase to the Ecumenical Temple.
  5710 | D:6      | Found an ancient bone altar of Kikubaaqudgha.
  6255 | D:6      | Found a runed translucent door.
  6256 | D:6      | Noticed Crazy Yiuf
  6265 | D:6      | Killed Crazy Yiuf
  6532 | D:6      | Reached XP level 9. HP: 72/72 MP: 14/14
  6551 | D:6      | Reached skill level 7 in Dodging
  6746 | D:6      | Found a hazy altar of Hepliaklqana.
  6746 | D:6      | Found an ornate altar of the Wu Jian Council.
  6751 | D:6      | Found a basalt altar of Yredelemnul.
  6759 | D:6      | Found a bloodstained altar of Trog.
  6759 | D:6      | Found a glowing silver altar of Zin.
  7217 | D:4      | Killed Arandomuser's ghost
  7920 | D:7      | Noticed Joseph
  7932 | D:7      | Killed Joseph
  8074 | D:7      | Reached skill level 5 in Invocations
  8356 | D:7      | Reached skill level 8 in Dodging
  8467 | D:7      | Reached XP level 10. HP: 16/80 MP: 17/17
  8866 | D:7      | Noticed Menkaure
  8878 | D:7      | Killed Menkaure
  8889 | D:7      | Reached skill level 5 in Short Blades
  8889 | D:7      | Reached skill level 5 in Long Blades
  8889 | D:7      | Reached skill level 5 in Axes
  8889 | D:7      | Reached skill level 5 in Maces & Flails
  8889 | D:7      | Reached skill level 5 in Staves
  8889 | D:7      | Reached skill level 5 in Slings
  8889 | D:7      | Reached skill level 5 in Bows
  8889 | D:7      | Reached skill level 5 in Crossbows
  8889 | D:7      | Reached skill level 5 in Throwing
  8889 | D:7      | Reached skill level 5 in Stealth
  8889 | D:7      | Reached skill level 5 in Shields
  8889 | D:7      | Reached skill level 5 in Unarmed Combat
  8889 | D:7      | Reached skill level 5 in Spellcasting
  8889 | D:7      | Reached skill level 5 in Evocations
  9659 | D:8      | Found an opulent altar of Gozag.
  9775 | D:8      | Found a blossoming altar of Fedhas.
 10170 | D:8      | Found a glowing golden altar of the Shining One.
 11250 | D:9      | Paralysed by a hornet for 3 turns
 11263 | D:9      | HP: 1/82 [hornet (8)]
 12172 | D:9      | Reached skill level 9 in Dodging
 12695 | D:9      | HP: 6/123 [electric eel/bolt of electricity (8)]
 12697 | D:9      | HP: 2/123 [electric eel/bolt of electricity (4)]
 12699 | D:9      | Killed from afar by an orc wizard

Illustrated notes

Levels and vault maps discovered:
D:1:      amcnicky_arrival_gap_in_the_tavern_cellar, layout_rooms,
          shapermc_ecumenical_altar_acropolis
D:2:      layout_rooms
D:3:      layout_rooms, lemuel_tele_altar
D:4:      layout_basic, gammafunk_ghost_mausoleum, minivault_5,
          columned_hall_lemuel
D:5:      layout_layer_cave, mainiacjoe_overflow_alcove_2,
          minmay_temple_entry_enclosed_plants, kennysheep_generic_room_11,
          uniq_duvessa
D:6:      layout_basic, kiku_gazebo_garden_becter,
          minmay_overflow_temple_star_hex, minivault_26, uniq_crazy_yiuf_cottage
D:7:      layout_cave_pools, uniq_joseph, uniq_menkaure
D:8:      layout_layer_cave, grunt_gozag_statues, fedhas_bush_and_centaur_altar,
          nicolae_tso_carved_into_rock, fountainhead
D:9:      layout_roguey, erik_orc_2, chequers_serial_rivers_large_b

Skill      XL: |  1  2  3  4  5  6  7  8  9 10 |
---------------+-------------------------------+-----
Invocations    | 1 2 3 4 5 6 |  6.2
Short Blades   | 1 2 3 4 5 |  5.6
Long Blades    | 1 2 3 4 5 |  5.6
Axes           | 1 2 3 4 5 |  5.6
Maces & Flails | 1 2 3 4 5 |  5.6
Staves         | 1 2 3 4 5 |  5.6
Slings         | 1 2 3 4 5 |  5.6
Bows           | 1 2 3 4 5 |  5.6
Crossbows      | 1 2 3 4 5 |  5.6
Throwing       | 1 2 3 4 5 |  5.6
Stealth        | 1 2 3 4 5 |  5.6
Shields        | 1 2 3 4 5 |  5.6
Unarmed Combat | 1 2 3 4 5 |  5.6
Spellcasting   | 1 2 3 4 5 |  5.6
Evocations     | 1 2 3 4 5 |  5.6
Conjurations   | 1 2 3 4 |  4.7
Hexes          | 1 2 3 4 |  4.7
Summonings     | 1 2 3 4 |  4.7
Necromancy     | 1 2 3 4 |  4.7
Translocations | 1 2 3 4 |  4.7
Transmutations | 1 2 3 4 |  4.7
Fire Magic     | 1 2 3 4 |  4.7
Ice Magic      | 1 2 3 4 |  4.7
Air Magic      | 1 2 3 4 |  4.7
Earth Magic    | 1 2 3 4 |  4.7
Poison Magic   | 1 2 3 4 |  4.7
Armour         | 5 6 7 |  7.4
Dodging        | 5 6 8 9 |  9.1
Fighting       | 7 8 |  8.8
Polearms       | 7 8 |  8.8

Action                   |  1- 3 |  4- 6 |  7- 9 | 10-12 || total
-------------------------+-------+-------+-------+-------++-------
Melee: Spear             |   111 |   148 |   540 |   299 ||  1098
       Bite              |     4 |     9 |    67 |    46 ||   126
Throw: Stone             |     1 |     3 |    13 |       ||    17
Invok: Berserk           |     1 |     3 |    11 |     5 ||    20
       Trog's Hand       |     1 |     1 |     9 |     2 ||    13
Evoke: Wand              |       |       |     1 |     2 ||     3
  Use: Scroll            |       |       |    12 |     6 ||    18
       Potion            |       |       |     2 |       ||     2
 Stab: Sleeping          |     1 |       |       |       ||     1
       Invisible         |       |       |     1 |       ||     1
Armor: Animal skin       |     2 |       |       |       ||     2
       Leather armour    |     9 |       |       |       ||     9
       Ring mail         |     3 |    17 |       |       ||    20
       Scale mail        |       |    21 |   100 |       ||   121
       Chain mail        |       |       |    87 |   111 ||   198
       Plate armour      |       |       |       |    11 ||    11
Dodge: Dodged            |    28 |    39 |   140 |    89 ||   296
Block: Kite shield       |    15 |    37 |   177 |   127 ||   356
